 Dungeon Crawl Stone Soup version 0.23.2-1-ga50397a (webtiles) character file.

Game seed: 6266616957076396081

358 diana the Ducker (level 6, -1/50 HPs)
             Began as a Demonspawn Gladiator on May 5, 2019.
             Was an Initiate of Okawaru.
             Slain by an ogre
             ... wielding a +0 giant club
              (21 damage)
             ... on level 5 of the Dungeon.
             The game lasted 00:05:08 (4071 turns).

diana the Ducker (Demonspawn Gladiator)             Turns: 4071, Time: 00:05:09

Health: -1/50      AC: 10    Str: 16    XL:     6   Next: 37%
Magic:  0/6        EV: 14    Int:  9    God:    Okawaru [......]
Gold:   221        SH:  0    Dex: 15    Spells: 5/5 levels left

rFire    . . .     SeeInvis .   a - +0 long sword
rCold    . . .     Gourm    .   (no shield)
rNeg     . . .     Faith    .   b - +0 leather armour
rPois    .         Spirit   +   (helmet restricted)
rElec    .         Reflect  .   (no cloak)
rCorr    .         Harm     .   x - +0 pair of gloves
MR       .....                  j - +0 pair of boots
Stlth    ++........             (no amulet)
HPRegen  0.16/turn              t - +3 ring of protection
MPRegen  0.10/turn              u - ring of stealth

@: no status effects
A: antennae 1, rugged brown scales 2, magic shield
a: Renounce Religion


You were on level 5 of the Dungeon.
You worshipped Okawaru.
Okawaru was noncommittal.
You were not hungry.

You visited 1 branch of the dungeon, and saw 5 of its levels.

You collected 221 gold pieces.

Inventory:

Hand Weapons
 a - a +0 long sword (weapon)
Missiles
 d - 3 throwing nets (quivered)
Armour
 b - a +0 leather armour (worn)
 c - a +0 helmet
 j - a +0 pair of boots (worn)
 x - a +0 pair of gloves (worn)
Jewellery
 q - an uncursed ring of wizardry {unknown}
 t - a +3 ring of protection (left hand)
 u - a ring of stealth (right hand)
 y - a cursed -3 ring of slaying {unknown}
Scrolls
 e - 7 scrolls of teleportation
 g - 3 scrolls of identify
 i - a scroll of enchant armour {unknown}
 k - 2 scrolls of magic mapping {unknown}
 l - a scroll of amnesia {unknown}
 m - 3 scrolls of fog {unknown}
 n - a scroll of immolation {unknown}
 o - a scroll of remove curse
 r - 2 scrolls of fear {unknown}
 w - a scroll of enchant weapon {unknown}
Potions
 h - a potion of invisibility {unknown}
 p - 2 potions of haste {unknown}
 s - a potion of ambrosia {unknown}
 v - a potion of flight {unknown}
 z - a potion of might
Comestibles
 f - 7 rations


   Skills:
 + Level 4.1 Fighting
 + Level 2.8 Long Blades
 - Level 1.7 Throwing
 + Level 3.1 Armour
 + Level 4.3 Dodging
 + Level 0.5 Invocations


You had 5 spell levels left.
You didn't know any spells.
Your spell library was empty.

Dungeon Overview and Level Annotations

Branches:
Dungeon (5/15)             Temple (0/1) D:4

Altars:
Okawaru


Innate Abilities, Weirdness & Mutations

You have a pair of small antennae on your head.
You are mostly covered in rugged brown scales. (AC +2, +5% HP)
When hurt, damage is shared between your health and your magic reserves.


Message History

You are too injured to fight recklessly!
You are too injured to fight recklessly!
You are too injured to fight recklessly!
You are too injured to fight recklessly!
You are too injured to fight recklessly!
You are too injured to fight recklessly!
You are too injured to fight recklessly!
You are too injured to fight recklessly!
You are too injured to fight recklessly!
You are too injured to fight recklessly!
You are too injured to fight recklessly!
You are too injured to fight recklessly!
You are too injured to fight recklessly!
You are too injured to fight recklessly!
You are too injured to fight recklessly!
You are too injured to fight recklessly!
You slash the ogre!
The ogre is severely wounded.
The ogre hits you with a +0 giant club!!
You die...

........##
.#...........
..##
.##.....###..#
#.. .........
....#...
....#.##
....#..
##..#.#
#...#.#
......#
#.....#
##..###
##.#.#O# ##..#
#....#@####.##
....#
#.....%.......
###.#
#...##........
###.#
#...#######.##
....# #...# ?#
##### #...#
#...######.
#######
#..........
......#
#...#######


You could see an ogre.

Vanquished Creatures
  A sky beast (D:4)
  A bullfrog zombie (D:5)
  A bullfrog skeleton (D:4)
  Terence (D:3)
  A worker ant (D:3)
  7 adders
  An ooze (D:3)
  4 worms
  A dart slug (D:1)
  2 leopard geckos
  5 orcs (D:4)
  2 ball pythons
  4 bats
  2 giant cockroaches
  9 goblins
  8 hobgoblins
  8 jackals
  6 kobolds
  4 frilled lizards
  13 rats
81 creatures vanquished.

Notes
Turn   | Place    | Note
-------+----------+-------------------------------------------
     0 | D:1      | diana the Demonspawn Gladiator began the quest for the Orb.
     0 | D:1      | Reached XP level 1. HP: 16/16 MP: 1/1
   225 | D:1      | Gained mutation: When hurt, damage is shared between your
                  | health and your magic reserves. [demonic ancestry]
   225 | D:1      | Reached XP level 2. HP: 19/22 MP: 2/2
   476 | D:1      | Reached skill level 1 in Armour
   875 | D:2      | Gained mutation: You are partially covered in rugged brown
                  | scales. (AC +1, +3% HP) [demonic ancestry]
   875 | D:2      | Reached XP level 3. HP: 23/28 MP: 3/3
  1689 | D:2      | Reached XP level 4. HP: 26/35 MP: 2/4
  2110 | D:3      | Noticed Terence
  2129 | D:3      | Killed Terence
  2450 | D:3      | Gained mutation: You are mostly covered in rugged brown
                  | scales. (AC +2, +5% HP) [demonic ancestry]
  2450 | D:3      | Reached XP level 5. HP: 27/43 MP: 3/5
  3116 | D:4      | Noticed a sky beast
  3117 | D:4      | Found an iron altar of Okawaru.
  3470 | D:4      | Became a worshipper of Warmaster Okawaru
  3483 | D:4      | Killed a sky beast
  3483 | D:4      | Gained mutation: You have a pair of small antennae on your
                  | head. [demonic ancestry]
  3483 | D:4      | Reached XP level 6. HP: 25/50 MP: 4/6
  3847 | D:4      | Found a staircase to the Ecumenical Temple.
  3923 | D:5      | Entered Level 5 of the Dungeon
  4071 | D:5      | Slain by an ogre

Skill      XL: |  1  2  3  4  5 |
---------------+----------------+-----
Dodging        | 3 4 |  4.3
Armour         | 1 2 3 |  3.1
Fighting       | 3 4 |  4.1
Long Blades    | |  2.8
Throwing       | |  1.7
Invocations    | |  0.5

Action                   |  1- 3 |  4- 6 || total
-------------------------+-------+-------++-------
Melee: Long sword        |   127 |   162 ||   289
  Use: Potion            |     3 |       ||     3
       Scroll            |       |     3 ||     3
 Stab: Sleeping          |     1 |     4 ||     5
  Eat: Chunk             |     1 |     6 ||     7
       Ration            |       |     1 ||     1
Armor: Leather armour    |    38 |    63 ||   101
Dodge: Dodged            |    88 |   119 ||   207
       Rpst.: Long sword |    20 |    36 ||    56
